 Dungeon Crawl Stone Soup version 0.28-a0-1152-g9c71ebef14 (webtiles) character file.

Game seed: 1751112975942654636

299 ytrimaz the Insei (level 6, -3/41 HPs)
             Began as an Octopode Transmuter on Dec 14, 2021.
             Killed by divine providence
             ... invoked by an orc priest
              (13 damage)
             ... on level 3 of the Dungeon.
             The game lasted 00:02:57 (3174 turns).

ytrimaz the Insei (Octopode Transmuter)             Turns: 3174, Time: 00:02:57

Health: -3/41      AC:  1    Str: 16    XL:     6   Next: 36%
Magic:  9/11       EV: 13    Int: 17    God:
Gold:   86         SH:  5    Dex: 12    Spells: 5/11 levels left

rFire   . . .      SeeInvis +     - Unarmed
rCold   . . .      Faith    .   (no shield)
rNeg    + . .      Spirit   .   (helmet restricted)
rPois   .          Reflect  +   b - amulet of reflection
rElec   .          Harm     .   a - ring of see invisible
rCorr   .          Rampage  .   d - +6 ring of strength
Will    .....                   l - ring of positive energy
Stlth   ++........              (no ring)
HPRegen 0.13/turn               (no ring)
MPRegen 0.12/turn               (no ring)
                                (no ring)
                                (no ring)

@: wereblooded
A: almost no armour, amphibious, 8 rings, camouflage 1, gelatinous body 1,
(nimble swimmer 1), tentacles
a: no special abilities


You were on level 3 of the Dungeon.
You visited 1 branch of the dungeon, and saw 3 of its levels.

You collected 86 gold pieces.

Inventory:

Jewellery
 a - a ring of see invisible (left tentacle)
 b - an amulet of reflection (around mantle)
 d - a +6 ring of strength (right tentacle)
 l - a ring of positive energy (on tentacle)
Scrolls
 e - 5 scrolls of fear
 j - a scroll of holy word {unknown}
 k - a scroll of fog {unknown}
Potions
 c - 3 potions of attraction
 f - a potion of haste {unknown}
 g - a potion of curing
 h - a potion of might {unknown}
 i - a potion of mutation {unknown}


   Skills:
 * Level 2.5 Fighting
 * Level 3.1 Dodging
 + Level 4.0 Unarmed Combat
 * Level 3.3 Spellcasting
 * Level 3.3 Transmutations
 + Level 0.8 Poison Magic


You had 5 spell levels left.
You knew the following spells:

 Your Spells              Type           Power      Damage    Failure   Level
a - Beastly Appendage     Tmut           28%        N/A       4%          1
b - Wereblood             Tmut           14%        N/A       6%          2
c - Spider Form           Tmut/Pois      9%         N/A       22%         3

Your spell library contained the following spells:

 Spells                   Type           Power      Damage    Failure   Level
 Foxfire                  Conj/Fire      8%         2x1d4     17%         1
 Freeze                   Ice            8%         1d3       17%         1
 Sublimation of Blood     Necr           2%         N/A       26%         2
 Conjure Flame            Conj/Fire      2%         6-21      45%         3
 Frozen Ramparts          Ice            4%         1d2       45%         3
 Inner Flame              Hex/Fire       2%         N/A       45%         3
 Ice Form                 Ice/Tmut       8%         N/A       63%         4
 Flame Wave               Conj/Fire      2%         2d4       86%         4
 Hailstorm                Conj/Ice       2%         3d3       86%         4
 Summon Hydra             Summ           1%         N/A       100%        7


Dungeon Overview and Level Annotations

Branches:
Dungeon (3/15)

Altars:
Hepliaklqana


Innate Abilities, Weirdness & Mutations

You cannot wear most types of armour.
You are amphibious.
You can wear up to eight rings at the same time.
Your skin changes colour to match your surroundings (Stealth+).
Your rubbery body absorbs attacks. (AC +1, EV +1)
((You are camouflaged near water. (Stealth+)))
You have tentacles for arms and can constrict up to eight enemies at once.


Message History

Unknown command.
You tentacle-slap the orc priest but do no damage.
The orc priest is lightly wounded.
You constrict the orc priest. The orc priest barely misses you.
You tentacle-slap the orc priest but do no damage.
The orc priest is moderately wounded.
You howl as the wereblood boils in your veins!
You constrict the orc priest.
The orc priest hits you with a +0 flail!
Unknown command.
You tentacle-slap the orc priest but do no damage.
You squeeze the orc priest, but do no damage.
The orc priest is heavily wounded.
You constrict the orc priest, but do no damage.
The orc priest calls down the wrath of Beogh upon you.
Pain shoots through your body!
You tentacle-slap the orc priest but do no damage.
The orc priest is heavily wounded.
You constrict the orc priest, but do no damage.
The orc priest miscasts a cantrip.
Unknown command.
You barely miss the orc priest.
The orc priest is heavily wounded.
You constrict the orc priest. The orc barely misses you.
The orc priest calls upon Beogh to heal the orc wizard.
The orc wizard is healed somewhat.
Unknown command.
Unknown command.
Okay, then.
Okay, then.
You tentacle-slap the orc priest but do no damage.
You tentacle-slap the orc priest.
The orc priest is severely wounded.
You hear the rapid rusting of a very distant drain.
You constrict the orc priest. The orc hits you with a +0 club.
* * * LOW HITPOINT WARNING * * *
An orc comes into view. It is wielding a +0 whip.
The orc priest mumbles some strange prayers to Beogh against you.
Beogh smites you!
You die...

#...##
#.o###....##########
#.. ....#... .......
# #.# #....# #######
#. #o#
#...###########
##.##.#
#..............
...o.#
#.#.###.#####.#
.#.#.#oo####.#.# #.#
#.# ......ooo@o..#.#
#.# #.#
.#.#.#.#######.# #.#
##.# ....# ... #.#
#... #.#.##### ...
#.# #... #.......
... ..# #.(.
###...### ..... ####
##..<....###.
##.......^....
#.o.o.....####


You could see an orc priest, an orc wizard (poisoned) and 5 orcs.

Vanquished Creatures
  Grinder (D:3)
  3 adders
  2 worms (D:2)
  2 orcs (D:3)
  7 ball pythons
  7 endoplasms
  2 giant cockroaches (D:2)
  9 goblins
  4 hobgoblins
  3 quokkas
  6 bats
  2 frilled lizards
  5 kobolds
  4 rats
57 creatures vanquished.

Vanquished Creatures (others)
  4 withered plants (D:1)
4 creatures vanquished.

Grand Total: 61 creatures vanquished

Notes
Turn   | Place    | Note
-------+----------+-------------------------------------------
     0 | D:1      | ytrimaz the Octopode Transmuter began the quest for the
                  | Orb.
     0 | D:1      | Reached XP level 1. HP: 13/13 MP: 3/3
   347 | D:1      | Reached XP level 2. HP: 16/18 MP: 5/5
   429 | D:1      | Found a faded altar of an unknown god.
  1068 | D:1      | Reached XP level 3. HP: 23/23 MP: 4/6
  1071 | D:1      | Learned a level 2 spell: Wereblood
  1075 | D:1      | Learned a level 3 spell: Spider Form
  2120 | D:2      | Reached XP level 4. HP: 28/28 MP: 7/7
  2506 | D:2      | Found a hazy altar of Hepliaklqana.
  2631 | D:3      | Noticed Grinder
  2658 | D:3      | Paralysed by Grinder for 4 turns
  2673 | D:3      | Killed Grinder
  2674 | D:3      | Reached skill level 4 in Unarmed Combat
  2674 | D:3      | Reached XP level 5. HP: 26/35 MP: 3/10
  2674 | D:3      | Reached XP level 6. HP: 30/40 MP: 3/11
  3174 | D:3      | Killed from afar by an orc priest

Illustrated notes

Levels and vault maps discovered:
D:1:      dpeg_arrival_round_a, layout_basic, ebering_ecumenical_altar_petrified
D:2:      cheibrodos_helix_gallery, layout_basic, basic_altar
D:3:      layout_loops_ring, nzn_hepliaklqana_mist_gate, portal_sewer_entry_e,
          uniq_grinder

Skill      XL: |  1  2  3  4 |
---------------+-------------+-----
Fighting       | 2 |  2.5
Dodging        | 3 |  3.1
Unarmed Combat | 4 |  4.0
Spellcasting   | 3 |  3.3
Transmutations | 3 |  3.3
Poison Magic   | |  0.8

Action                   |  1- 3 |  4- 6 || total
-------------------------+-------+-------++-------
Melee: Dagger            |    31 |       ||    31
       Unarmed           |    41 |    55 ||    96
       Constrict         |    17 |    10 ||    27
       Tentacles         |    12 |     4 ||    16
       Kick              |     6 |     1 ||     7
       Punch             |       |     2 ||     2
 Cast: Beastly Appendage |    10 |     3 ||    13
       Spider Form       |     1 |     2 ||     3
       Wereblood         |       |     2 ||     2
  Use: Scroll            |     3 |     2 ||     5
       Potion            |     1 |     2 ||     3
 Stab: Sleeping          |     2 |     3 ||     5
       Distracted        |     1 |       ||     1
Armor: Skin              |     4 |    10 ||    14
Dodge: Dodged            |    47 |    20 ||    67
Block: Other             |    14 |     5 ||    19
       Reflection        |     1 |       ||     1

Table legend: (Time is in decaauts)
 A = Elapsed time spent in this place.
 B = Non-inter-level travel time spent in this place.
 C = Inter-level travel time spent in this place.
 D = Time resting spent in this place.
 E = Time spent auto-exploring this place.
 F = Levels seen in this place.
 G = Mean time per level.
                   A        B        C        D        E       F      G
               +--------+--------+--------+--------+--------+-----+--------+
         Total |   3165 |   3003 |    162 |    166 |   2336 |   3 | 1055.0 |
       Dungeon |   3165 |   3003 |    162 |    166 |   2336 |   3 | 1055.0 |
               +--------+--------+--------+--------+--------+-----+--------+

Top non-repeatable levels by time:
     D:1: 1527 daAuts
     D:2: 1056 daAuts
     D:3: 581 daAuts
